 Dungeon Crawl Stone Soup version 0.26-a0-1181-gd376ed14c5 (webtiles) character file.

Game seed: 2415402062632800883

137 Azzok the Skirmisher (level 5, 42/42 HPs)
             Began as a Demonspawn Berserker on Dec 26, 2020.
             Was a Believer of Trog.
             Quit the game on level 3 of the Dungeon.
             The game lasted 00:02:04 (1755 turns).

Azzok the Skirmisher (Demonspawn Berserker)         Turns: 1755, Time: 00:02:05

Health: 42/42      AC: 14    Str: 18    XL:     5   Next: 0%
Magic:  5/5        EV:  8    Int:  9    God:    Trog [**....]
Gold:   81         SH:  0    Dex: 12    Spells: 4/4 levels left

rFire    . . .     SeeInvis .   a - +0 hand axe
rCold    . . .     Faith    .   (no shield)
rNeg     . . .     Spirit   .   c - +0 chain mail
rPois    .         Reflect  .   (no helmet)
rElec    .         Harm     .   (no cloak)
rCorr    .         Rampage  .   (no gloves)
Will     .....                  f - +2 pair of boots
Stlth    ..........             (no amulet)
HPRegen  0.14/turn              (no ring)
MPRegen  0.09/turn              (no ring)

@: no status effects
A: molten scales 1, miasma immunity
a: Renounce Religion, Berserk, Trog's Hand


You were on level 3 of the Dungeon.
You worshipped Trog.
Trog was pleased with you.
You visited 1 branch of the dungeon, and saw 3 of its levels.

You collected 81 gold pieces.

Inventory:

Hand Weapons
 a - a +0 hand axe (weapon)
 p - a +2 antimagic dagger
Armour
 b - a +0 animal skin
 c - a +0 chain mail (worn)
 f - a +2 pair of boots (worn)
Scrolls
 g - a scroll of magic mapping {unknown}
 h - 5 scrolls of identify {unknown}
 j - a scroll of fog {unknown}
 k - a scroll of fear {unknown}
 l - a scroll of enchant weapon {unknown}
 m - a scroll of amnesia {unknown}
 o - a scroll of random uselessness {unknown}
Potions
 d - a potion of brilliance {unknown}
 e - a potion of heal wounds {unknown}
 i - 2 potions of lignification {unknown}
 n - a potion of curing {unknown}


   Skills:
 + Level 3.8 Fighting
 + Level 3.4 Axes
 + Level 2.7 Armour
 + Level 2.8 Dodging


You had 4 spell levels left.
You didn't know any spells.
Your spell library was empty.

Dungeon Overview and Level Annotations

Branches:
Dungeon (3/15)

Altars:
Ashenzari


Innate Abilities, Weirdness & Mutations

You are partially covered in molten scales. (AC +2)
You are immune to miasma.


Message History

22 stones; a +0 club; a +0 hunting sling
Things that are here:
a +0 whip; a +0 robe; a +0 dagger
Things that are here:
a +0 robe; a +0 dagger You see here a stone.
e - a bubbling clear potion You now have 81 gold pieces (gained 10).
Found a stone staircase leading down.
A bat comes into view.
A bat is nearby!
A bat is nearby!
The bat hits you but does no damage.
You hit the bat.
You kill the bat!
Trog accepts your kill.
You have reached level 5!
Your demonic ancestry asserts itself...
You feel immune to miasma.
Are you sure you want to abandon this character and quit the game? (Confirm with "yes".)

▒▒▒▒▒▒▒▒▒▒
▒········▒
▒········▒
▒······>··
▒·······
▒▒▒▒▒▒·····▒▒▒▒
▒···!··········
▒······@···▒
▒·········▒▒
▒··········▒
▒··········▒
▒▒▒▒··▒▒▒··▒
▒·· ▒··▒▒ ▒··▒
▒···▒ ·
▒···▒▒▒▒·▒·▒▒
··
············)▒
▒▒▒▒··


There were no monsters in sight!

Vanquished Creatures
  2 orc wizards (D:3)
  An adder (D:3)
  2 worms (D:2)
  6 dart slugs
  4 orcs
  A giant cockroach (D:2)
  7 goblins
  4 hobgoblins
  4 jackals
  3 bats
  4 frilled lizards (D:1)
  8 kobolds
  4 rats
50 creatures vanquished.

Notes
Turn   | Place    | Note
-------+----------+-------------------------------------------
     0 | D:1      | Azzok the Demonspawn Berserker began the quest for the Orb.
     0 | D:1      | Reached XP level 1. HP: 18/18 MP: 1/1
   209 | D:1      | Gained mutation: You are partially covered in molten
                  | scales. (AC +2) [demonic ancestry]
   209 | D:1      | Reached XP level 2. HP: 24/24 MP: 2/2
   779 | D:2      | Found a broken altar of Ashenzari.
   811 | D:2      | Reached XP level 3. HP: 29/29 MP: 3/3
   916 | D:2      | Reached ** piety under Trog
  1346 | D:3      | Reached XP level 4. HP: 35/35 MP: 1/4
  1362 | D:3      | HP: 1/35 [orc wizard/magic dart (11)]
  1755 | D:3      | Gained mutation: You are immune to miasma. [demonic
                  | ancestry]
  1755 | D:3      | Reached XP level 5. HP: 42/42 MP: 5/5
  1755 | D:3      | Quit the game

Illustrated notes

Levels and vault maps discovered:
D:1:      minmay_arrival_doors, layout_basic
D:2:      layout_basic, ashenzari_altar_1, chequers_serial_rivers_small_b
D:3:      layout_rooms

Skill      XL: |  1  2 |
---------------+-------+-----
Armour         | 2 |  2.7
Dodging        | 2 |  2.8
Axes           | 3 |  3.4
Fighting       | |  3.8

Action                   |  1- 3 |  4- 6 || total
-------------------------+-------+-------++-------
Melee: Dagger            |   114 |    26 ||   140
       Hand axe          |     4 |    23 ||    27
  Use: Scroll            |     1 |       ||     1
Armor: Chain mail        |   104 |    54 ||   158
       Animal skin       |     1 |       ||     1
Dodge: Dodged            |    61 |    34 ||    95

Table legend: (Time is in decaauts)
 A = Elapsed time spent in this place.
 B = Non-inter-level travel time spent in this place.
 C = Inter-level travel time spent in this place.
 D = Time resting spent in this place.
 E = Time spent auto-exploring this place.
 F = Levels seen in this place.
 G = Mean time per level.
                   A        B        C        D        E       F      G
               +--------+--------+--------+--------+--------+-----+--------+
         Total |   1770 |   1741 |     29 |    492 |    871 |   3 |  590.0 |
       Dungeon |   1770 |   1741 |     29 |    492 |    871 |   3 |  590.0 |
               +--------+--------+--------+--------+--------+-----+--------+

Top non-repeatable levels by time:
     D:2: 829 daAuts
     D:1: 778 daAuts
     D:3: 162 daAuts
